 Dungeon Crawl Stone Soup version 0.25.0-11-g1f837a76a1 (webtiles) character file.

Game seed: 11933691214216811564

212 mopl the Chopper (level 5, -5/41 HPs)
             Began as a Demonspawn Fighter on June 24, 2020.
             Was a Follower of Nemelex Xobeh.
             Slain by an orc warrior
             ... wielding a cursed +0 war axe
              (13 damage)
             ... on level 3 of the Dungeon.
             The game lasted 00:03:47 (2110 turns).

mopl the Chopper (Demonspawn Fighter)               Turns: 2110, Time: 00:03:48

Health: -5/41      AC: 10    Str: 17    XL:     5   Next: 58%
Magic:  6/6        EV:  6    Int: 10    God:    Nemelex Xobeh [*.....]
Gold:   198        SH:  8    Dex: 12    Spells: 4/4 levels left

rFire    . . .     SeeInvis .   l - +2 dagger (venom)
rCold    . . .     Gourm    .   c - +0 kite shield
rNeg     . . .     Faith    .   b - +0 scale mail
rPois    .         Spirit   .   (helmet restricted)
rElec    .         Reflect  .   (no cloak)
rCorr    .         Harm     .   (no gloves)
MR       .....                  (no boots)
Stlth    ..........             (no amulet)
HPRegen  0.13/turn              k - +4 ring of protection
MPRegen  0.10/turn              (no ring)

@: no status effects
A: horns 1, powered by pain 1, spiny 1
a: Draw Escape, Draw Destruction, Draw Summoning, Renounce Religion


You were on level 3 of the Dungeon.
You worshipped Nemelex Xobeh.
Nemelex Xobeh was aware of your devotion.
You were not hungry.

You visited 1 branch of the dungeon, and saw 3 of its levels.

You collected 198 gold pieces.

Inventory:

Hand Weapons
 a - a +0 war axe
 l - a +2 dagger of venom (weapon)
 o - a +1 dagger of electrocution
Missiles
 p - 18 poisoned darts (quivered)
 s - 5 boomerangs
Armour
 b - a +0 scale mail (worn)
 c - a +0 kite shield (worn)
Jewellery
 e - an uncursed ring of fire
 k - a +4 ring of protection (left hand)
Scrolls
 j - 3 scrolls of teleportation {unknown}
 q - a scroll of fog {unknown}
 r - 2 scrolls of enchant armour {unknown}
 t - a scroll of fear {unknown}
 x - 4 scrolls of amnesia {unknown}
Potions
 d - 2 potions of might
 g - 2 potions of stabbing
 h - a potion of curing
 i - 2 potions of haste
 m - 2 potions of brilliance
 n - a potion of cancellation
 u - a potion of heal wounds
 v - a potion of lignification {unknown}
 w - a potion of magic {unknown}
Comestibles
 f - 4 rations
 z - 5 chunks of flesh


   Skills:
 - Level 3.0 Fighting
 * Level 5.0 Axes
 - Level 2.6 Armour
 - Level 2.6 Shields
 + Level 2.5 Invocations


You had 4 spell levels left.
You didn't know any spells.
Your spell library was empty.

Dungeon Overview and Level Annotations

Branches:
Dungeon (3/15)

Altars:
Nemelex Xobeh


Innate Abilities, Weirdness & Mutations

You have a pair of small horns on your head.
You sometimes gain a little power by taking damage.
You are partially covered in sharp spines.


Message History

The orc warrior is lightly wounded.
The orc warrior hits you with a cursed +0 war axe!
You are too injured to fight recklessly!
You are too injured to fight recklessly!
You are too injured to fight recklessly!
Things that are here:
a cursed +0 trident; a +0 ring mail The orc warrior looks more healthy.
The orc warrior completely misses you.
You hit the orc warrior but do no damage.
The orc warrior is poisoned.
The orc warrior is moderately wounded.
The orc warrior hits you with a cursed +0 war axe!
* * * LOW HITPOINT WARNING * * *
The orc warrior looks more healthy.
A jackal comes into view.
The jackal barks!
You hear a bark!
You hear a shout!
The orc warrior hits you with a cursed +0 war axe!
You die...
Your body disappears without a glow.

##.#####..# #.# #......#
#.# #..###.# #.####.# #.#
#......####.####.######
#.#
#.####......#.........####
#.#####.#
#.###..#.##.####.....
#....)..# #........##.#
###### ####.####
#.#.#.......# ## #...#
#....o#.##### #. #...#
#.#.@##.# #. #...#
#.##h##.# #. ####...####
#>##.##.# #.
...........##.>.....# ###.
..............##.##.. #...
...).......##. #.##.# #...
####...######( #.##.# #...
#...# ... ###. #.[.# #.#
#)


You could see an orc warrior and a jackal.

Vanquished Creatures
  2 orc priests
  Terence (D:3)
  Natasha (D:3)
  2 adders (D:3)
  An ooze (D:1)
  3 worms
  2 dart slugs
  4 leopard geckos
  10 orcs
  5 bats
  2 giant cockroaches
  4 hobgoblins
  4 kobolds
  2 quokkas (D:3)
  6 frilled lizards
  5 goblins
  6 rats
60 creatures vanquished.

Notes
Turn   | Place    | Note
-------+----------+-------------------------------------------
     0 | D:1      | mopl the Demonspawn Fighter began the quest for the Orb.
     0 | D:1      | Reached XP level 1. HP: 18/18 MP: 1/1
    16 | D:1      | Reached skill level 2 in Axes
    66 | D:1      | Gained mutation: You are partially covered in sharp spines.
                  | [demonic ancestry]
    66 | D:1      | Reached XP level 2. HP: 20/24 MP: 2/2
   481 | D:1      | Reached skill level 3 in Axes
   753 | D:2      | Gained mutation: You sometimes gain a little power by
                  | taking damage. [demonic ancestry]
   753 | D:2      | Reached XP level 3. HP: 29/29 MP: 3/3
   966 | D:2      | Reached skill level 4 in Axes
   966 | D:2      | Gained mutation: You have a pair of small horns on your
                  | head. [demonic ancestry]
   966 | D:2      | Reached XP level 4. HP: 35/35 MP: 4/4
  1122 | D:2      | Found a faded altar of an unknown god.
  1131 | D:2      | Became a worshipper of Nemelex Xobeh the Trickster
  1131 | D:2      | Received a gift from Nemelex Xobeh
  1131 | D:2      | Reached * piety under Nemelex Xobeh
  1131 | D:2      | Received a gift from Nemelex Xobeh
  1248 | D:2      | Found a sparkling altar of Nemelex Xobeh.
  1487 | D:3      | Received a gift from Nemelex Xobeh
  1501 | D:3      | Noticed Terence
  1516 | D:3      | Killed Terence
  1516 | D:3      | Reached skill level 1 in Invocations
  1688 | D:3      | Noticed Natasha
  1704 | D:3      | Killed Natasha
  1704 | D:3      | Reached XP level 5. HP: 9/41 MP: 6/6
  2040 | D:3      | Noticed an orc warrior
  2054 | D:3      | Reached skill level 5 in Axes
  2110 | D:3      | Slain by an orc warrior

Illustrated notes

Levels and vault maps discovered:
D:1:      tarquinn_simple_flora_water_f, layout_loops_ring, minmay_pentomino_s2
D:2:      cheibrodos_pilgrimage, layout_rooms, nicolae_overflow_hidden_temple,
          nemelex_altar_shiori, chequers_ecumenical_altar_simple_redux,
          minmay_lizard_pond
D:3:      layout_loops_cross, first_ration, uniq_terence, uniq_natasha

Skill      XL: |  1  2  3  4  5 |
---------------+----------------+-----
Axes           | 2 3 4 5 |  5.0
Invocations    | 2 |  2.5
Fighting       | |  3.0
Armour         | |  2.6
Shields        | |  2.6

Action                   |  1- 3 |  4- 6 || total
-------------------------+-------+-------++-------
Melee: War axe           |    48 |    80 ||   128
       Headbutt          |       |    15 ||    15
       Dagger            |       |     5 ||     5
  Use: Scroll            |     4 |     2 ||     6
  Eat: Chunk             |       |     4 ||     4
Armor: Scale mail        |    21 |    32 ||    53
Dodge: Dodged            |     9 |    35 ||    44
Block: Kite shield       |    22 |    41 ||    63
